 Dungeon Crawl Stone Soup version 0.23-a0-703-gdf2d5e0dd9 (webtiles) character file.

2979 Holzbalken the Basher (level 9, -10/93 HPs)
             Began as a Demonspawn Gladiator on Jan 13, 2019.
             Was a Follower of Qazlal.
             Mangled by a death yak (14 damage)
             ... on level 8 of the Dungeon.
             The game lasted 00:28:09 (9703 turns).

Holzbalken the Basher (Demonspawn Gladiator)        Turns: 9703, Time: 00:28:09

Health: -10/93     AC: 24    Str: 19    XL:     9   Next: 53%
Magic:  0/10       EV:  2    Int: 11    God:    Qazlal [*.....]
Gold:   521        SH:  1    Dex: 16    Spells: 8/8 levels left

rFire    . . .     SeeInvis .   a - +0 flail
rCold    . . .     Gourm    .   (no shield)
rNeg     + + +     Faith    +   (armour currently unavailable)
rPois    +         Spirit   +   (helmet currently unavailable)
rElec    .         Reflect  .   (cloak currently unavailable)
rCorr    .         Harm     .   (gloves currently unavailable)
MR       .....     NoTele   +   (boots currently unavailable)
Stlth    +.........             u - amulet of faith
HPRegen  0.25/turn              i - +2 ring of intelligence
MPRegen  0.12/turn              w - +2 ring of dexterity

@: tree-form
A: demonic guardian 1, magic shield
a: Renounce Religion


You were on level 8 of the Dungeon.
You worshipped Qazlal.
Qazlal was aware of your devotion.
You were not hungry.
You were a tree.
You visited 2 branches of the dungeon, and saw 10 of its levels.

You collected 521 gold pieces.

Inventory:

Hand Weapons
 a - a +0 flail (weapon)
 G - the +2 hand axe "Killer Bee's Bane" {holy, +Fly rF- Dex+2, unknown}
   (You found it on level 5 of the Dungeon)

   It has been blessed by the Shining One to cause great damage to the undead
   and demons.
   It affects your dexterity (+2).
   It makes you vulnerable to fire.
   It lets you fly.
Missiles
 d - 4 throwing nets (quivered)
 j - 3 curare-tipped needles
 x - 2 tomahawks
Armour
 b - a +0 leather armour
 c - a +1 helmet (melded)
 n - a +0 pair of gloves (melded)
 q - a +0 ring mail (melded)
 K - a +0 cloak (melded)
Jewellery
 i - a +2 ring of intelligence (left branch)
 p - an uncursed ring of ice
 u - an amulet of faith (around neck)
 w - a +2 ring of dexterity (right branch)
Wands
 h - a wand of flame (20)
 t - a wand of polymorph (4)
 y - a wand of disintegration (25)
 z - a wand of iceblast (14)
 D - a wand of enslavement (5)
 F - a wand of paralysis (19)
Scrolls
 e - 2 scrolls of fear
 m - a scroll of identify
 o - 3 scrolls of fog
 r - a scroll of remove curse
 A - 3 scrolls of magic mapping
 C - a scroll of enchant weapon {unknown}
Potions
 g - 2 potions of magic
 l - 2 potions of resistance
 s - 2 potions of lignification
 v - 2 potions of mutation
 B - 3 potions of degeneration {unknown}
 E - 3 potions of brilliance
 H - 2 potions of might
 J - a potion of berserk rage {unknown}
 L - a potion of agility {unknown}
 M - a potion of haste {unknown}
Comestibles
 f - 24 rations
 I - 5 chunks of flesh


   Skills:
 + Level 2.4 Fighting
 + Level 12.1 Maces & Flails
 - Level 1.7 Throwing
 - Level 2.6 Dodging
 + Level 1.7 Invocations


You had 8 spell levels left.
You didn't know any spells.
Your spell library contained the following spells:

 Spells                   Type           Power        Failure   Level  Hunger
 Beastly Appendage        Tmut           #.....       34%         1    ##.....
 Confusing Touch          Hex            #.....       34%         1    ##.....
 Corona                   Hex            #......      34%         1    ##.....
 Sting                    Conj/Pois      #...         34%         1    ##.....
 Ensorcelled Hibernation  Hex/Ice        #.....       47%         2    ###....
 Slow                     Hex            #.......     47%         2    ###....
 Sticks to Snakes         Tmut           #.......     47%         2    ###....
 Confuse                  Hex            #.......     71%         3    ####...
 Dazzling Spray           Conj/Hex       #.....       71%         3    ####...
 Gell's Gravitas          Tloc           #.........   71%         3    ####...
 Inner Flame              Hex/Fire       #.......     71%         3    ####...
 Portal Projectile        Hex/Tloc       #.....       71%         3    ####...
 Spider Form              Tmut/Pois      #.........   71%         3    ####...
 Tukima's Dance           Hex            #.......     71%         3    ####...
 Cause Fear               Hex            #.........   98%         4    #####..
 Ice Form                 Ice/Tmut       #.......     98%         4    #####..
 Leda's Liquefaction      Hex/Erth       #.........   98%         4    #####..
 Petrify                  Tmut/Erth      #.......     98%         4    #####..
 Blade Hands              Tmut           #.........   100%        5    ######.
 Irradiate                Conj/Tmut      #.........   100%        5    ######.
 Metabolic Englaciation   Hex/Ice        #.........   100%        5    ######.
 Yara's Violent Unravell  Hex/Tmut       #.........   100%        5    ######.
 Bolt of Fire             Conj/Fire      #.........   100%        6    #######


Dungeon Overview and Level Annotations

Branches:
Dungeon (9/15)             Temple (1/1) D:7
   Lair: D:8-11         Orc: D:9-12

Altars:
Cheibriados
Dithmenos
Elyvilon
Fedhas
Gozag
Hepliaklqana
Kikubaaqudgha
Makhleb
Nemelex Xobeh
Okawaru
Qazlal
Ru
Sif Muna
Trog
Uskayaw
Vehumet
Wu Jian
Xom
Yredelemnul
Zin
The Shining One

Shops:
D:4 }


Innate Abilities, Weirdness & Mutations

A weak demonic guardian rushes to your aid.
When hurt, damage is shared between your health and your magic reserves.
((When seriously injured, your bleeding wounds create armour. (AC +0)))


Message History

The death yak gores you.
* * * LOW HITPOINT WARNING * * *
Number of times to repeat, then command key: You must enter the number of times for the command to repeat.
You barely miss the death yak.
The death yak is heavily wounded.
The death yak is engulfed in blazing flames.
The death yak gores you but does no damage.
You barely miss the death yak.
The death yak is heavily wounded.
You hit the death yak.
The death yak is heavily wounded.
The death yak is engulfed in blazing flames.
The death yak gores you but does no damage.
Your shadow imp hits the death yak but does no damage.
You hit the death yak but do no damage.
The death yak is severely wounded.
The death yak is engulfed in blazing flames.
The death yak gores you!
You die...

#.###......## ##[##.#.##.......##
#.# #######.###.......####...###
..##########.#......### #...#
..........).....##..### #...####
###..)...))#.##.......####.......
###........#.##..#...............
........(....##..#...............
..#........####....#......<.)....
..#........####.♣5###.####.[.....
................Y.###.# #...####
#.#.############......# #...#
..#.####### ##.##### #...#
....#.....# #.# #...# #####.###.#
#.# ##...####
#####.###.#######.##### #.......#
.........)............# #.#.###.#
#####.###.#####.#####.# #.#.###.#


You could see a death yak and a friendly shadow imp.

Vanquished Creatures
  A spriggan (D:7)
  A yak (D:9)
  Menkaure (D:6)
  Edmund (D:6)
  Duvessa (D:5)
  2 ice beasts
  4 ogres
  3 centaurs
  3 bullfrogs
  3 scorpions
  A howler monkey (D:4)
  2 crimson imps (D:5)
  2 quasits
  5 hounds
  An orc priest (D:3)
  A centaur skeleton (D:6)
  3 bullfrog skeletons
  4 orc wizards
  2 iguanas
  4 worker ants
  A hound zombie (D:4)
  3 gnolls (D:5)
  4 adders
  A shadow imp (D:8)
  3 oozes
  An adder zombie (D:6)
  2 worms
  2 dart slugs
  3 leopard geckos
  27 orcs
  2 ball pythons
  7 bats
  4 giant cockroaches
  7 goblins
  9 hobgoblins
  9 jackals
  7 kobolds
  8 quokkas
  5 frilled lizards
  A quokka zombie (D:6)
  4 rats
  A plant (D:2)
156 creatures vanquished.

Vanquished Creatures (collateral kills)
  A water moccasin (D:6)
  2 orc warriors
  A sky beast (D:8)
  A centaur (D:8)
  Dowan (D:5)
  An iguana (D:6)
  3 adders
  A leopard gecko (D:6)
  An orc (D:8)
  A jackal (D:6)
13 creatures vanquished.

Grand Total: 169 creatures vanquished

Notes
Turn   | Place    | Note
-------+----------+-------------------------------------------
     0 | D:1      | Holzbalken the Demonspawn Gladiator began the quest for the
                  | Orb.
     0 | D:1      | Reached XP level 1. HP: 16/16 MP: 1/1
   175 | D:1      | Reached skill level 3 in Maces & Flails
   412 | D:1      | Gained mutation: When seriously injured, your bleeding
                  | wounds create armour. (AC +0) [demonic ancestry]
   412 | D:1      | Reached XP level 2. HP: 17/22 MP: 2/2
  1125 | D:2      | Reached XP level 3. HP: 24/27 MP: 3/3
  1157 | D:2      | Reached skill level 4 in Maces & Flails
  1698 | D:2      | Found an ancient bone altar of Kikubaaqudgha.
  2155 | D:3      | Reached XP level 4. HP: 20/33 MP: 4/4
  2547 | D:3      | Found an ornate altar of the Wu Jian Council.
  2562 | D:3      | Reached skill level 5 in Maces & Flails
  2562 | D:3      | Reached XP level 5. HP: 38/38 MP: 5/5
  3325 | D:3      | Found a faded altar of an unknown god.
  3626 | D:4      | Found an iron altar of Okawaru.
  3659 | D:4      | Reached skill level 6 in Maces & Flails
  3663 | D:4      | Reached XP level 6. HP: 34/44 MP: 6/6
  3851 | D:4      | Found Fopeozxyss's Gadget Shop.
  4489 | D:5      | Entered Level 5 of the Dungeon
  4503 | D:5      | Reached skill level 7 in Maces & Flails
  4707 | D:5      | Gained mutation: A weak demonic guardian rushes to your
                  | aid. [demonic ancestry]
  4707 | D:5      | Reached XP level 7. HP: 30/50 MP: 7/7
  5184 | D:5      | Found a white marble altar of Elyvilon.
  5243 | D:5      | Reached skill level 8 in Maces & Flails
  5354 | D:5      | Got a jewelled hand axe
  5422 | D:5      | Found a hide-covered altar of Uskayaw.
  6251 | D:6      | Noticed Edmund
  6284 | D:6      | Killed Edmund
  6284 | D:6      | Reached skill level 9 in Maces & Flails
  6284 | D:6      | Reached XP level 8. HP: 32/56 MP: 8/8
  6462 | D:6      | Found a blossoming altar of Fedhas.
  6462 | D:6      | Noticed Duvessa
  6462 | D:6      | Noticed Dowan
  6482 | D:5      | Killed Duvessa
  6495 | D:5      | Killed Dowan
  6735 | D:6      | Noticed Menkaure
  6753 | D:6      | Killed Menkaure
  6753 | D:6      | Reached skill level 10 in Maces & Flails
  7434 | D:6      | Found a glowing silver altar of Zin.
  7574 | D:7      | Found a staircase to the Ecumenical Temple.
  7579 | Temple   | Entered the Ecumenical Temple
  7610 | Temple   | Became a worshipper of Qazlal Stormbringer
  8039 | D:7      | Reached skill level 11 in Maces & Flails
  8039 | D:7      | Gained mutation: When hurt, damage is shared between your
                  | health and your magic reserves. [demonic ancestry]
  8039 | D:7      | Reached XP level 9. HP: 58/61 MP: 9/9
  9014 | D:8      | Identified the Papyrus of Confrontation
  9195 | D:8      | Reached skill level 12 in Maces & Flails
  9506 | D:9      | Reached * piety under Qazlal
  9516 | D:9      | Reached skill level 1 in Invocations
  9636 | D:9      | Noticed a death yak
  9648 | D:9      | Noticed a death yak
  9648 | D:9      | Noticed a death yak
  9698 | D:8      | HP: 1/93 [death yak (7)]
  9703 | D:8      | Mangled by a death yak

Vault maps used:
D:1:      dpeg_arrival_circle_labyrinth_c, nrook_uturn, minmay_tromino_v7
D:2:      lemuel_round_altar, serial_bayou, serial_bayou_ford_a,
          serial_bayou_lake_a, serial_bayou_pond_e, serial_bayou_pond_b,
          serial_bayou_lagoon_b
D:3:      old_standard_altar, first_ration, chequers_ecumenical_altar_grove
D:4:      serial_shops, shop, minmay_strange_pillars, okawaru_trees_2
D:5:      minmay_recursive_quarters, overflow_temple_1_default,
          eat_drink_and_be_merry_uskayaw, kennysheep_generic_room_10
D:6:      marbit_many_paths, fedhas_altar_1, uniq_menkaure, uniq_duvessa,
          uniq_edmund
D:7:      temple_doors_cd, the_bakery
D:9:      overflow_temple_1_default, dpeg_lair_monsters, serial_shops,
          nicolae_shop_stone
Temple:   compressed_dpeg_circular_temple

Skill      XL: |  1  2  3  4  5  6  7  8  9 |
---------------+----------------------------+-----
Maces & Flails | 3 4 5 6 7 9 11 12 | 12.1
Invocations    | 1 |  1.7
Fighting       | |  2.4
Throwing       | |  1.7
Dodging        | |  2.6

Action                   |  1- 3 |  4- 6 |  7- 9 || total
-------------------------+-------+-------+-------++-------
Melee: Flail             |   149 |   246 |   408 ||   803
  Use: Scroll            |       |     8 |     8 ||    16
       Potion            |       |       |     7 ||     7
 Stab: Distracted        |       |       |     9 ||     9
  Eat: Chunk             |     4 |     9 |    16 ||    29
Armor: Leather armour    |    28 |       |       ||    28
       Ring mail         |    15 |    81 |   166 ||   262
       Skin              |       |       |     2 ||     2
Dodge: Dodged            |   100 |   156 |   230 ||   486
Block: Other             |       |       |     2 ||     2

Table legend:
 A = Non-vault XP
 B = Vault XP
 C = Vault XP percentage of total XP
 D = Non-vault monster count
 E = Vault monster count
 F = Vault count percentage of total count
                 A         B        C        D         E       F
            +---------+---------+-------+---------+---------+-------
      Total |    3211 |    1046 |  24.6 |     148 |      20 |  11.9
            +---------+---------+-------+---------+---------+-------
        D:1 |      35 |       3 |   7.9 |      17 |       2 |  10.5
        D:2 |      29 |       8 |  21.6 |      10 |       5 |  33.3
        D:3 |     176 |       0 |   0.0 |      38 |       0 |   0.0
        D:4 |     302 |       0 |   0.0 |      17 |       0 |   0.0
        D:5 |     788 |     316 |  28.6 |      23 |       8 |  25.8
        D:6 |     555 |     329 |  37.2 |      16 |       3 |  15.8
        D:7 |     413 |     224 |  35.2 |       8 |       1 |  11.1
        D:8 |     793 |       0 |   0.0 |      15 |       0 |   0.0
        D:9 |     120 |     166 |  58.0 |       4 |       1 |  20.0
            +---------+---------+-------+---------+---------+-------
